 Dungeon Crawl Stone Soup version 0.31-a0-187-gba352fbbf7 (webtiles) character file.

Game seed: 6485509962536624179

5 cforsyth the Firebug (level 1, 0/16 HPs)
             Began as an Ogre Fire Elementalist on June 23, 2023.
             Slain by a jackal (3 damage)
             ... on level 1 of the Dungeon.
             The game lasted 00:00:47 (208 turns).

cforsyth the Firebug (Ogre Fire Elementalist)        Turns: 208, Time: 00:00:48

Health: 0/16       AC:  3    Str: 11    XL:     1   Next: 80%
Magic:  2/4        EV:  9    Int: 16    God:
Gold:   9          SH:  0    Dex:  9    Spells: 4/5 levels left

rFire   . . .        (no weapon)
rCold   . . .        (no shield)
rNeg    . . .        a - +0 robe
rPois   .            (helmet restricted)
rElec   .            (no cloak)
rCorr   .            (gloves unavailable)
SInv    .            (boots unavailable)
Will    .....        (no amulet)
Stlth   +            (no ring)
HPRegen 0.22/turn    (no ring)
MPRegen 0.09/turn

%: no passive effects
@: no status effects
A: large, unfitting armour, tough skin 1
a: no special abilities


You were on level 1 of the Dungeon.
You visited 1 branch of the dungeon, and saw 1 of its levels.

You collected 9 gold pieces.

Inventory:

Armour
 a - a +0 robe (worn)
Potions
 b - a potion of magic


   Skills:
 - Level 1.7 Dodging
 - Level 1.4 Stealth
 + Level 2.6 Spellcasting
 + Level 1.1 Conjurations
 + Level 2.8 Fire Magic


You had 4 spell levels left.
You knew the following spells:

 Your Spells              Type           Power      Damage    Failure   Level
a - Foxfire               Conj/Fire      32%        2x1d5     9%          1

Your spell library contained the following spells:

 Spells                   Type           Power      Damage    Failure   Level
 Scorch                   Fire           22%        2d5       9%          2
 Inner Flame              Hex/Fire       6%         N/A       32%         3
 Volatile Blastmotes      Fire/Tloc      12%        2d11      32%         3
 Flame Wave               Conj/Fire      8%         2d5       65%         4


Dungeon Overview and Level Annotations

Branches:
Dungeon (1/15)

Altars:


Innate Abilities, Weirdness & Mutations

You are too large for most types of armour.
You have tough skin. (AC +1)


Message History

Your magical contamination has completely faded away.
The jackal barely misses you.
You conjure some foxfire!
The jackal bites you. The jackal attacks as you move away!
The jackal bites you but does no damage.
The foxfire hits the jackal.
The jackal is heavily wounded.
The foxfire hits the jackal.
The jackal is severely wounded.
The jackal bites you. The jackal attacks as you move away!
The jackal bites you but does no damage.
The endoplasm attacks as you move away! The endoplasm barely misses you.
The jackal closely misses you. The jackal attacks as you move away!
The jackal bites you. The jackal barely misses you.
The jackal attacks as you move away!
The jackal bites you but does no damage.
Found a stone staircase leading down.
Unknown command.
Unknown command.
The jackal barely misses you.
You aren't carrying any items that you can evoke.
Unknown command.
The jackal barely misses you. The jackal attacks as you move away!
The jackal bites you. The jackal attacks as you move away!
The jackal bites you but does no damage.
The jackal barely misses you. The jackal attacks as you move away!
The jackal bites you. The jackal attacks as you move away!
The jackal barely misses you. x2
The jackal attacks as you move away! The jackal bites you.
* * * LOW HITPOINT WARNING * * *
The jackal bites you but does no damage.
The jackal bites you.
* * * LOW HITPOINT WARNING * * *
The jackal attacks as you move away! The jackal bites you.
* * * LOW HITPOINT WARNING * * *
The jackal bites you.
You die...

#.######.##....## #.......#.#
#........##.....# #..######.#
######..........# #. #.###
#...............### #.#..
###.####.###....v...# #.#.# ..#.#
#.# #....###.#########.#.# ..#.#
#.# #....# #...........#.#
..#.####.###....###############.#
................@h.Jr............
..........##.####################
..........+.. ## ..........#
###+#. ..........+ #.....
.#........# #..... .##+###+###
#..... .# #..... .+ #.....


You could see an endoplasm, a jackal and a rat.

Vanquished Creatures
  A goblin (D:1)
  A jackal (D:1)
  A quokka (D:1)
  A bat (D:1)
  A frilled lizard (D:1)
5 creatures vanquished.

Vanquished Creatures (others)
  8 foxfires (D:1)
8 creatures vanquished.

Grand Total: 13 creatures vanquished

Notes
Turn   | Place    | Note
-------+----------+-------------------------------------------
     0 | D:1      | cforsyth the Ogre Fire Elementalist began the quest for the
                  | Orb.
     0 | D:1      | Reached XP level 1. HP: 16/16 MP: 3/3
    22 | D:1      | Reached skill level 1 in Conjurations
   208 | D:1      | Slain by a jackal

Illustrated notes

Levels and vault maps discovered:
D:1:      minmay_arrival_open_corners, layout_basic

Skill      XL: |  1 |
---------------+----+-----
Conjurations   | 1 |  1.1
Dodging        | |  1.7
Stealth        | |  1.4
Spellcasting   | |  2.6
Fire Magic     | |  2.8

Action                     || total
---------------------------++-------
   Cast: Foxfire           ||     7
 Armour: Robe              ||     5
  Dodge: Dodged            ||    12

Table legend: (Time is in decaauts)
 A = Elapsed time spent in this place.
 B = Non-inter-level travel time spent in this place.
 C = Inter-level travel time spent in this place.
 D = Time resting spent in this place.
 E = Time spent auto-exploring this place.
 F = Levels seen in this place.
 G = Mean time per level.
                   A        B        C        D        E       F      G
               +--------+--------+--------+--------+--------+-----+--------+
         Total |    208 |    208 |      0 |      0 |    158 |   1 |  208.0 |
       Dungeon |    208 |    208 |      0 |      0 |    158 |   1 |  208.0 |
               +--------+--------+--------+--------+--------+-----+--------+

Top non-repeatable levels by time:
     D:1: 208 daAuts
